Map: Dusk Towers

Players

Casa

  • Race: Protoss Protoss
  • League: Master

xKawaiian - Winner!

  • Race: Terran Terran
  • League: Master

VOD

Have the link to the VOD?

Description

Time

  • Played on: Jan. 8, 2016, 12:08 p.m.
  • Length: 12:26
Show
View Real Time Build Order
Export as new Build Order

Casa Protoss 

Build Orders: 1 Gate Expand, Oracle Opening 

Get SALT Encoding   

  12  0:01  Probe (Chrono Boost)  
  13  0:11  Probe (Chrono Boost)  
  14  0:18  Pylon  
  14  0:22  Probe (Chrono Boost)  
  15  0:36  Probe (Chrono Boost)  
  15  0:37  Gateway  
  16  0:46  Probe (Chrono Boost)  
  17  0:54  Assimilator  
  17  1:15  Nexus  
  17  1:27  Cybernetics Core  
  17  1:32  Probe (Chrono Boost)  
  18  1:41  Assimilator  
  18  1:43  Probe (Chrono Boost)  
  19  1:53  Pylon  
  20  1:54  Probe (Chrono Boost)  
  20  2:05  Mothership Core (Chrono Boost)  
  22  2:14  Adept  
  24  2:23  Probe (Chrono Boost)  
  25  2:31  Probe (Chrono Boost)  
  25  2:33  Probe (Chrono Boost)  
  27  2:42  Probe (Chrono Boost)  
  27  2:43  Stargate  
  29  2:44  Probe (Chrono Boost)  
  29  2:52  Probe (Chrono Boost)  
  29  2:54  Warp Gate  
  29  2:55  Probe (Chrono Boost)  
  31  3:03  Probe (Chrono Boost)  
  31  3:04  Pylon  
  32  3:15  Probe x2 (Chrono Boost)  
  34  3:23  Assimilator  
  34  3:25  Probe x2 (Chrono Boost)  
  36  3:28  Oracle  
  39  3:36  Probe x2 (Chrono Boost)  
  41  3:43  Twilight Council  
  41  3:46  Probe (Chrono Boost)  
  41  3:47  Probe (Chrono Boost)  
  43  3:54  Gateway x2  
  43  3:58  Stalker  
  43  4:00  Probe (Chrono Boost)  
  46  4:06  Pylon  
  46  4:09  Probe (Chrono Boost)  
  47  4:11  Probe (Chrono Boost)  
  47  4:16  Phoenix  
  50  4:20  Probe (Chrono Boost)  
  50  4:22  Probe (Chrono Boost)  
  52  4:27  Blink (Chrono Boost)  
  52  4:30  Probe (Chrono Boost)  
  53  4:47  Probe (Chrono Boost)  
  53  4:48  Nexus  
  53  4:51  Pylon  
  51  4:58  Assimilator  
  51  5:04  Stalker  
  51  5:05  Gateway x2  
  51  5:06  Stalker  
  56  5:14  Probe (Chrono Boost)  
  56  5:17  Stalker  
  56  5:19  Probe (Chrono Boost)  
  59  5:24  Probe (Chrono Boost)  
  59  5:25  Pylon  
  60  5:31  Stalker  
  60  5:32  Stalker  
  60  5:35  Pylon  
  64  5:42  Stalker  
  66  5:48  Gateway  
  66  5:57  Adept x2  
  66  6:03  Pylon  
  66  6:04  Pylon  
  65  6:20  Pylon  
  65  6:21  Pylon  
  65  6:23  Pylon  
  63  6:36  Nexus  
  63  6:38  Pylon  
  63  6:39  Robotics Facility  
  63  6:48  Adept x2  
  63  6:49  Adept x3  
  69  6:55  Pylon  
  69  6:57  Pylon  
  69  6:59  Pylon  
  69  7:06  Resonating Glaives (Chrono Boost)  
  69  7:09  Adept x5  
  79  7:16  Probe  
  79  7:19  Pylon  
  79  7:20  Gateway  
  79  7:21  Gateway  
  80  7:24  Forge  
  80  7:33  Warp Prism (Chrono Boost)  
  80  7:36  Stalker x2  
  80  7:37  Stalker  
  88  7:50  Adept x2  
  88  7:51  Adept  
  82  7:58  Adept  
  82  8:02  Probe x2  
  82  8:03  Probe  
  84  8:14  Pylon  
  84  8:15  Probe  
  84  8:17  Pylon  
  85  8:24  Warp Prism (Chrono Boost)  
  85  8:25  Adept  
  85  8:26  Adept x2  
  89  8:27  Adept  
  89  8:29  Mothership Core  
  91  8:34  Adept  
  91  8:35  Adept  
  93  8:46  Probe, Protoss Ground Weapons Level 1 (Chrono Boost)  
  88  8:51  Stalker x2  
  92  8:59  Probe  
  92  9:00  Observer  
  92  9:01  Probe x2  
  95  9:08  Photon Cannon  
  96  9:18  Robotics Bay  
  96  9:21  Observer (Chrono Boost)  
  95  9:27  Probe  
  95  9:28  Probe, Assimilator  
  95  9:30  Probe  
  98  9:32  Assimilator  
  96  9:39  Probe  
  96  9:40  Adept x2  
  96  9:41  Adept x2, Observer (Chrono Boost)  
  96  9:42  Probe  
  107  9:57  Stalker x4  
  107  10:07  Stalker x2  
  107  10:08  Stalker  
  107  10:10  Disruptor (Chrono Boost)  
  116  10:16  Adept  
  117  10:23  Adept x4  
  114  10:34  Stalker x3  
  106  10:40  Adept  
  92  10:48  Adept x2  
  92  10:49  Adept x4  
  78  11:00  Adept  
  78  11:01  Disruptor (Chrono Boost)  
  72  11:07  Stalker  
  72  11:09  Stalker x3  
  60  11:21  Adept x3  
  50  11:36  Disruptor (Chrono Boost)  
  53  11:40  Pylon  
  53  11:47  Templar Archives  
  53  11:49  Adept x2  
  57  11:57  Stalker  
  59  12:04  Stalker  
  61  12:11  Stalker  
Show
View Real Time Build Order
Export as new Build Order

xKawaiian Terran - Winner!

Build Orders: Reaper Expand, MMM Bio 

Get SALT Encoding   

  12  0:00  SCV  
  13  0:13  SCV  
  14  0:17  Supply Depot  
  14  0:25  SCV  
  15  0:39  SCV  
  15  0:40  Barracks  
  16  0:45  Refinery  
  16  0:51  SCV  
  17  1:03  SCV  
  18  1:15  SCV  
  19  1:27  Orbital Command  
  19  1:28  Reaper  
  20  1:43  Command Center  
  21  1:54  SCV  
  21  1:57  Supply Depot  
  21  2:01  Barracks Reactor  
  21  2:06  SCV  
  22  2:10  Barracks  
  22  2:18  SCV  
  23  2:25  Barracks  
  23  2:30  SCV  
  23  2:39  Marine x2  
  23  2:42  SCV  
  26  2:54  SCV  
  26  2:56  Marine  
  26  2:57  Marine  
  29  2:58  Barracks Tech Lab  
  29  3:02  Factory  
  29  3:03  Refinery  
  29  3:06  SCV  
  29  3:12  Orbital Command  
  30  3:13  Marine  
  30  3:14  Marine  
  30  3:17  Marine  
  30  3:18  SCV  
  34  3:21  Stimpack  
  34  3:24  Marine  
  35  3:31  Marine  
  35  3:32  Marine  
  37  3:36  Marine  
  37  3:38  SCV  
  37  3:40  SCV  
  40  3:44  Marine  
  40  3:47  Starport  
  41  3:48  Factory Reactor  
  41  3:50  SCV  
  41  3:54  Supply Depot, Marine  
  43  3:55  Marine  
  43  3:59  SCV  
  43  4:02  Supply Depot  
  45  4:06  Marine  
  46  4:13  Supply Depot  
  46  4:15  SCV, Marine  
  48  4:19  SCV  
  49  4:27  SCV  
  39  4:31  Medivac x2  
  50  4:32  Marine  
  50  4:34  Marine  
  56  4:44  Marine  
  54  4:47  SCV  
  54  4:50  Engineering Bay  
  55  4:53  Command Center  
  55  4:55  SCV  
  57  5:00  SCV, Factory Reactor, Supply Depot  
  57  5:01  Marine x2  
  59  5:09  SCV  
  59  5:12  Barracks Tech Lab  
  59  5:13  Marauder  
  63  5:14  SCV, Supply Depot  
  63  5:20  Missile Turret  
  63  5:21  SCV, Marine  
  64  5:23  Marine  
  64  5:26  SCV  
  67  5:29  Combat Shields  
  67  5:33  SCV, Marine  
  67  5:34  Marine  
  70  5:38  Medivac  
  70  5:39  Marine  
  70  5:41  Medivac  
  75  5:44  SCV  
  76  5:52  Refinery  
  76  5:53  Marauder, Refinery, Marine  
  76  5:54  SCV  
  78  6:07  Medivac  
  77  6:11  Marine  
  77  6:12  Marauder  
  77  6:16  Marine  
  77  6:17  Marauder  
  81  6:21  Barracks  
  81  6:25  Barracks  
  76  6:30  SCV x2  
  74  6:33  Widow Mine x2  
  74  6:34  Marauder, Marine  
  74  6:38  Concussive Shells, Marauder  
  83  6:42  SCV x2  
  85  6:48  Marine  
  85  6:50  Orbital Command  
  87  6:54  SCV, Marine  
  87  6:56  Marauder  
  87  6:57  Medivac  
  87  6:59  Marine  
  92  7:06  SCV  
  92  7:10  Barracks Reactor, Armory  
  92  7:11  Engineering Bay  
  92  7:16  Marine x2  
  92  7:17  Barracks Tech Lab, Marauder  
  92  7:22  SCV  
  97  7:23  SCV x2  
  97  7:26  Marine  
  100  7:34  Marine  
  100  7:39  Marauder  
  101  7:52  SCV  
  101  7:54  SCV  
  101  7:56  Marine  
  101  7:57  Reaper  
  101  7:58  Marine  
  101  8:00  Marauder x2  
  101  8:01  Widow Mine  
  101  8:02  Widow Mine, Marauder  
  101  8:04  Terran Infantry Weapons Level 1  
  101  8:05  Terran Infantry Armor Level 1  
  101  8:09  Supply Depot  
  101  8:10  Supply Depot  
  101  8:13  Liberator x2  
  101  8:23  Marine  
  101  8:26  Marine  
  101  8:30  Supply Depot, SCV, Marine  
  101  8:31  Supply Depot, Marine x2, Widow Mine x2  
  101  8:32  Marauder  
  101  8:33  Supply Depot  
  117  8:36  Marine  
  111  8:45  Marauder  
  110  8:49  Marauder, Marine x3  
  110  8:50  SCV  
  110  8:51  SCV  
  110  8:53  Marauder  
  110  8:54  Command Center, SCV, Marine  
  115  8:58  Liberator  
  115  8:59  Supply Depot, Widow Mine, Terran Vehicle And Ship Armor Level 1  
  117  9:03  SCV  
  117  9:06  SCV, Marine  
  117  9:07  Marine  
  117  9:08  Refinery  
  121  9:10  Refinery  
  121  9:11  Marauder  
  121  9:14  Marine  
  121  9:15  Liberator, Marauder  
  129  9:22  Starport  
  128  9:25  Fusion Core  
  128  9:31  Marine  
  128  9:32  Marine, Marauder  
  128  9:33  Marauder  
  137  9:50  SCV  
  137  9:51  Supply Depot  
  138  9:53  Supply Depot  
  138  9:55  Marauder, Marine  
  138  9:56  Supply Depot, Marauder, Marine  
  138  9:58  Medivac  
  138  9:59  Supply Depot  
  146  10:00  Supply Depot  
  146  10:02  Marauder  
  146  10:05  Supply Depot  
  146  10:17  Marauder, Marine x2  
  144  10:26  Marauder  
  144  10:27  Medivac  
  144  10:28  Medivac  
  142  10:30  Marine  
  142  10:31  Marauder  
  125  10:37  Marine  
  125  10:39  Marauder  
  125  10:41  Marine  
  110  10:50  Marine  
  110  10:51  Marauder  
  110  10:56  Marauder  
  109  10:58  Marine  
  109  11:03  Marine  
  109  11:05  Marine  
  109  11:10  Starport Tech Lab  
  110  11:15  Marine  
  110  11:16  Marauder  
  110  11:17  SCV  
  100  11:27  Marauder, Marine  
  100  11:29  SCV x2  
  100  11:31  SCV  
  101  11:35  Refinery  
  99  11:41  SCV  
  99  11:42  SCV  
  99  11:44  SCV  
  102  11:48  Marine  
  102  11:49  Marauder  
  102  11:52  Medivac  
  102  11:53  SCV  
  108  12:04  SCV x2  
  108  12:06  SCV  
Tags
 
Add a new tag
Caveats
  • Supply blocks, unpowered buildings, or Contaminate may cause inaccurate times.
  • Supply counts are checked every 10 seconds.